 Dungeon Crawl Stone Soup version 0.32-a0-876-gcfddb08e57 (webtiles) character file.

Game seed: 14721537815629416965

21 jasper the Chopper (level 2, -2/26 HPs)
             Began as a Mountain Dwarf Monk on Mar 31, 2024.
             Slain by a ribbon worm (4 damage)
             ... on level 2 of the Dungeon.
             The game lasted 00:01:12 (746 turns).

jasper the Chopper (Mountain Dwarf Monk)             Turns: 746, Time: 00:01:13

Health: -2/26      AC:  2    Str: 13    XL:     2   Next: 62%
Magic:  2/2        EV: 11    Int: 10    God:
Gold:   144        SH:  0    Dex: 12    Spells: 1/1 levels left

rFire   . . .        a - +0 hand axe
rCold   . . .        d - orb {light}
rNeg    . . .        b - +0 robe
rPois   .            (no helmet)
rElec   .            (no cloak)
rCorr   .            (no gloves)
SInv    .            (no boots)
Will    .....        (no amulet)
Stlth   +            (no ring)
HPRegen 0.24/turn    (no ring)
MPRegen 0.08/turn

%: no passive effects
@: glowing
A: runic magic, artefact enchanting
a: no special abilities


You were on level 2 of the Dungeon.
You visited 1 branch of the dungeon, and saw 2 of its levels.

You collected 144 gold pieces.

Inventory:

Hand Weapons
 a - a +0 hand axe (weapon)
Missiles
 g - 4 stones (quivered)
Armour
 b - a +0 robe (worn)
 d - an orb of light (worn)
Scrolls
 f - a scroll of enchant armour {unknown}
 h - a scroll of acquirement {unknown}
 i - a scroll of teleportation {unknown}
Potions
 c - a potion of ambrosia
 e - 2 potions of might {unknown}


   Skills:
 + Level 3.2 Fighting
 * Level 4.8 Axes
 - Level 2.1 Dodging


You had one spell level left.
You didn't know any spells.
Your spell library was empty.

Dungeon Overview and Level Annotations

Branches:
Dungeon (1/15)

Altars:


Innate Abilities, Weirdness & Mutations

Your spellcasting is much less encumbered by armour.
You can use scrolls of enchantment on lesser artefacts.


Message History

The stream of webbing hits you but does no damage.
You are even more entangled.
You struggle to detach yourself from the web.
The ribbon worm bites you!
You take 7 damage, and have 19/26 hp.
MASSIVE DAMAGE!!
The web tears apart.
The ribbon worm bites you.
You hit the ribbon worm.
The ribbon worm is moderately wounded.
You hit the ribbon worm. The ribbon worm barely misses you.
The ribbon worm expels a string of sticky webbing.
The stream of webbing hits you but does no damage.
You are caught in a web!
The web tears apart.
The ribbon worm bites you. x2
You take 4 damage, and have 15/26 hp.
You hit the ribbon worm.
The ribbon worm is lightly wounded.
You hit the ribbon worm. The ribbon worm bites you.
The ribbon worm expels a string of sticky webbing.
The stream of webbing misses you.
The stream of webbing hits the ribbon worm but does no damage.
The ribbon worm is caught in a web!
You take 2 damage, and have 13/26 hp.
You hit the ribbon worm.
The ribbon worm is moderately wounded.
You strike the helpless ribbon worm from behind!
You hit the ribbon worm.
The ribbon worm tears the web.
You hit the ribbon worm but do no damage.
The ribbon worm is moderately wounded.
You hit the ribbon worm. The ribbon worm bites you. The ribbon worm bites you!
* * * LOW HITPOINT WARNING * * *
You take 12 damage, and have 2/26 hp.
MASSIVE DAMAGE!!
You hit the ribbon worm.
The ribbon worm is severely wounded.
You hit the ribbon worm.
The ribbon worm expels a string of sticky webbing.
The stream of webbing hits you but does no damage.
You are caught in a web!
The web tears apart.
The ribbon worm barely misses you. The ribbon worm bites you.
You die...

............
##..........
##..........#
............#
............#
..............#
.........w....#
.........@...##..
.........w......#
......###..###.##
......###........
#........##.....
##.##.....#....
#. #.##)###......
#. #..#.# ##....
#.######...# ...
...


You could see 2 ribbon worms.

Vanquished Creatures
  A ribbon worm (D:2)
  3 endoplasms
  A giant cockroach (D:1)
  3 goblins
  3 quokkas (D:1)
  3 ball pythons (D:1)
  A kobold (D:1)
  2 rats (D:1)
17 creatures vanquished.

Notes
Turn   | Place    | Note
-------+----------+-------------------------------------------
     0 | D:1      | jasper the Mountain Dwarf Monk began the quest for the Orb.
     0 | D:1      | Reached XP level 1. HP: 19/19 MP: 1/1
   166 | D:1      | Reached skill level 4 in Axes
   343 | D:1      | Reached XP level 2. HP: 26/26 MP: 2/2
   665 | D:1      | You fall into a shaft and drop 1 floor!
   746 | D:2      | Slain by a ribbon worm

Illustrated notes

Levels and vault maps discovered:
D:1:      moated_graveyard_arrival, layout_basic, minmay_misc_feat_columns,
          st_stairs_4, minmay_statues_item, dreamdust_wishing_well,
          feat_on_display
D:2:      layout_rooms, uniq_crazy_yiuf_cottage

Skill      XL: |  1 |
---------------+----+-----
Axes           | 4 |  4.8
Fighting       | |  3.2
Dodging        | |  2.1

Action                     || total
---------------------------++-------
  Melee: Hand axe          ||    51
  Throw: Stone             ||     1
   Stab: Held in net/web   ||     1
 Armour: Robe              ||    31
  Dodge: Dodged            ||    27

Table legend: (Time is in decaauts)
 A = Elapsed time spent in this place.
 B = Non-inter-level travel time spent in this place.
 C = Inter-level travel time spent in this place.
 D = Time resting spent in this place.
 E = Time spent auto-exploring this place.
 F = Levels seen in this place.
 G = Mean time per level.
                   A        B        C        D        E       F      G
               +--------+--------+--------+--------+--------+-----+--------+
         Total |    749 |    730 |     19 |     62 |    514 |   2 |  374.5 |
       Dungeon |    749 |    730 |     19 |     62 |    514 |   2 |  374.5 |
               +--------+--------+--------+--------+--------+-----+--------+

Top non-repeatable levels by time:
     D:1: 668 daAuts
     D:2: 81 daAuts
